 Dungeon Crawl Stone Soup version 0.26-b1-32-g5d43845318 (webtiles) character file.

Game seed: 7993508436107225409

680 roguesci the Magician (level 7, -1/35 HPs)
             Began as a Vine Stalker Transmuter on Jan 11, 2021.
             Was an Initiate of Kikubaaqudgha.
             Slain by a gnoll
             ... wielding a +0 halberd
              (4 damage)
             ... on level 6 of the Dungeon.
             The game lasted 00:12:42 (5224 turns).

roguesci the Magician (Vine Stalker Transmuter)     Turns: 5224, Time: 00:12:43

Health: -1/35      AC:  2    Str: 12    XL:     7   Next: 60%
Magic:  0/14       EV: 20    Int: 15    God:    Kikubaaqudgha [......]
Gold:   222        SH:  0    Dex: 20    Spells: 11/15 levels left

rFire    . . .     SeeInvis .     - Unarmed
rCold    . . .     Faith    .   (shield currently unavailable)
rNeg     . . .     Spirit   +   (armour currently unavailable)
rPois    x         Reflect  .   (helmet currently unavailable)
rElec    .         Harm     .   (cloak currently unavailable)
rCorr    .         Rampage  .   (gloves currently unavailable)
Will     .....                  (boots currently unavailable)
Stlth    ++........             (no amulet)
HPRegen  0.51/turn              (no ring)
MPRegen  0.14/turn              (no ring)

@: spider-form (expiring)
A: tiny, regeneration 1, magic shield, no potion heal 3
a: End Transformation, Renounce Religion


You were on level 6 of the Dungeon.
You worshipped Kikubaaqudgha.
Kikubaaqudgha was noncommittal.
You were a venomous arachnid creature.
You visited 2 branches of the dungeon, and saw 7 of its levels.
You also visited: Sewer.

You collected 222 gold pieces.

Inventory:

Armour
 a - a +0 robe (melded)
 e - a +0 pair of gloves (melded)
 l - a scarf of resistance (melded)
 m - a +0 helmet (melded)
 r - a +0 crystal plate armour
 y - a +0 pair of boots (melded)
Jewellery
 g - an uncursed ring of fire
Scrolls
 b - 10 scrolls of identify {unknown}
 d - 4 scrolls of remove curse {unknown}
 h - 2 scrolls of amnesia {unknown}
 k - 3 scrolls of immolation {unknown}
 o - 8 scrolls of teleportation {unknown}
 q - 2 scrolls of enchant armour {unknown}
 s - a scroll of magic mapping {unknown}
 x - a scroll of fog {unknown}
 z - a scroll of silence {unknown}
 A - a scroll of blinking {unknown}
Potions
 c - a potion of cancellation {unknown}
 f - 6 potions of curing {unknown}
 i - 4 potions of mutation {unknown}
 j - 4 potions of heal wounds {unknown}
 n - 7 potions of flight {unknown}
 p - 5 potions of might {unknown}
 t - 2 potions of haste {unknown}
 u - a potion of invisibility {unknown}
 v - a potion of magic {unknown}
 w - a potion of attraction {unknown}
 B - 2 potions of lignification {unknown}


   Skills:
 * Level 2.3 Fighting
 * Level 2.4 Dodging
 - Level 0.8 Stealth
 + Level 3.5 Unarmed Combat
 + Level 4.5 Spellcasting
 + Level 4.3 Transmutations
 * Level 3.7 Poison Magic


You had 11 spell levels left.
You knew the following spells:

 Your Spells              Type           Power        Failure   Level
a - Beastly Appendage     Tmut           32%          10%         1
b - Spider Form           Tmut/Pois      7%           24%         3

Your spell library contained the following spells:

 Spells                   Type           Power        Failure   Level
 Wereblood                Tmut           16%          13%         2
 Ice Form                 Ice/Tmut       9%           77%         4
 Blade Hands              Tmut           8%           80%         5


Dungeon Overview and Level Annotations

Branches:
Dungeon (6/15)             Temple (1/1) D:4           Sewer (visited)

Altars:
Ashenzari
Cheibriados
Dithmenos
Elyvilon
Gozag
Hepliaklqana
Kikubaaqudgha
Makhleb
Nemelex Xobeh
Qazlal
Ru
Sif Muna
Trog
Vehumet
Xom
Yredelemnul
Zin
The Shining One


Innate Abilities, Weirdness & Mutations

((You have extremely sharp teeth.))
Your natural rate of healing is unusually fast.
When hurt, damage is shared between your health and your magic reserves.
((Your bite disrupts and absorbs the magic of your enemies.))
Potions cannot restore your health.


Message History

The gnoll is almost dead.
You kill the gnoll!
Kikubaaqudgha accepts your kill.
Your transformation is almost over.
The gnoll barely misses you.
You see here a +0 club.
You hit the gnoll.
The gnoll is poisoned.
The gnoll is moderately wounded.
The gnoll barely misses you.
You hit the gnoll but do no damage.
The gnoll looks as sick as possible!
The gnoll is moderately wounded.
The gnoll hits you with a +0 halberd!
* * * LOW HITPOINT WARNING * * *
You hit the gnoll but do no damage.
The gnoll looks as sick as possible!
The gnoll is moderately wounded.
You hit the gnoll.
The gnoll looks as sick as possible!
The gnoll is heavily wounded.
The gnoll hits you with a +0 halberd.
You die...
Kikubaaqudgha rasps: "You have failed me!
Welcome... death!"

..... ........ #...
....... #.)####....# .
###..........# .. . #
#............# ...
..#.#.#..........# ....
#.....#...###....# .....
#.......#..###.####......
.(.....<.......gs........
...(..#.....##.####$.....
................ .....
#.#............. .... #
#........#..... ...
#........#.#+#. ..
#####....#.# .. . #....#.


You could see a gnoll (extremely poisoned).

Vanquished Creatures
  An ice beast (D:5)
  2 big kobolds (Sewer)
  A hound (D:4)
  2 iguanas
  3 worker ants (D:5)
  A hound skeleton (D:4)
  Robin (D:2)
  7 gnolls
  5 adders
  A river rat (Sewer)
  2 oozes
  An adder skeleton (D:4)
  4 worms
  2 dart slugs
  2 leopard geckos
  5 orcs
  2 ball pythons
  3 giant cockroaches (D:4)
  16 goblins
  12 hobgoblins
  8 jackals
  A quokka (D:3)
  8 bats
  9 frilled lizards
  A jackal skeleton (D:4)
  13 kobolds
  13 rats
126 creatures vanquished.

Notes
Turn   | Place    | Note
-------+----------+-------------------------------------------
     0 | D:1      | roguesci the Vine Stalker Transmuter began the quest for
                  | the Orb.
     0 | D:1      | Reached XP level 1. HP: 9/9 MP: 4/4
   119 | D:1      | Reached skill level 1 in Fighting
   437 | D:1      | Reached XP level 2. HP: 7/14 MP: 3/6
   917 | D:1      | Reached XP level 3. HP: 18/18 MP: 7/7
   927 | D:1      | Learned a level 3 spell: Spider Form
  1739 | D:2      | Noticed Robin
  1750 | D:2      | Killed Robin
  1751 | D:2      | Reached skill level 1 in Poison Magic
  1751 | D:2      | Gained mutation: Your natural rate of healing is unusually
                  | fast. [Vine Stalker growth]
  1751 | D:2      | Reached XP level 4. HP: 21/22 MP: 5/9
  2341 | D:2      | Reached XP level 5. HP: 18/25 MP: 2/11
  2658 | D:3      | Found a glowing drain.
  2666 | Sewer    | Entered a sewer
  2819 | Sewer    | Noticed a big kobold
  2835 | Sewer    | Killed a big kobold
  2836 | Sewer    | Reached XP level 6. HP: 28/30 MP: 8/12
  3509 | D:4      | Found a staircase to the Ecumenical Temple.
  3520 | Temple   | Entered the Ecumenical Temple
  3673 | Temple   | Became a worshipper of Kikubaaqudgha
  3923 | D:4      | Reached XP level 7. HP: 31/34 MP: 14/14
  3943 | D:4      | Found a snail-covered altar of Cheibriados.
  3943 | D:4      | Found a glowing golden altar of the Shining One.
  4160 | D:5      | Entered Level 5 of the Dungeon
  4248 | D:5      | Found an opulent altar of Gozag.
  5224 | D:6      | Slain by a gnoll

Illustrated notes

Levels and vault maps discovered:
D:1:      ncdulo_halloftheorcs, layout_basic
D:2:      layout_basic, uniq_robin
D:3:      layout_rooms, cheibrodos_sewer_entry_bend
D:4:      layout_rooms, gammafunk_temple_overflow_wave, minmay_temple_entry_mist
D:5:      layout_loops_cross, nicolae_overflow_crystal_walls,
          kennysheep_flooded_box
D:6:      layout_basic, chequers_temple_overflow_statue_of_worship
Temple:   regret_index_temple_waves

Skill      XL: |  1  2  3  4  5  6  7 |
---------------+----------------------+-----
Fighting       | 1 2 |  2.3
Spellcasting   | 3 4 |  4.5
Poison Magic   | 1 2 3 |  3.7
Transmutations | 3 4 |  4.3
Dodging        | 2 |  2.4
Stealth        | |  0.8
Unarmed Combat | |  3.5

Action                   |  1- 3 |  4- 6 |  7- 9 || total
-------------------------+-------+-------+-------++-------
Melee: Unarmed           |    97 |   204 |    84 ||   385
       Bite              |    18 |    19 |     5 ||    42
       Kick              |    16 |     7 |    10 ||    33
       Headbutt          |    10 |     4 |     2 ||    16
       Punch             |     1 |     1 |     1 ||     3
 Cast: Beastly Appendage |    17 |     8 |     3 ||    28
       Spider Form       |     1 |    17 |     5 ||    23
 Stab: Sleeping          |     1 |     4 |     1 ||     6
Armor: Robe              |    16 |    14 |     7 ||    37
       Skin              |       |    13 |     3 ||    16
Dodge: Dodged            |    48 |   159 |    64 ||   271
